 Dungeon Crawl Stone Soup version 0.28-a0-1199-gef9e1dbd39 (webtiles) character file.

Game seed: 14217851703370136588

88 Crownlay the Digger (level 4, -1/24 HPs)
             Began as a Gargoyle Earth Elementalist on Dec 19, 2021.
             Slain by an ogre (6 damage)
             ... on level 3 of the Dungeon.
             The game lasted 00:06:27 (2063 turns).

Crownlay the Digger (Gargoyle Earth Elementalist)   Turns: 2063, Time: 00:06:27

Health: -1/24      AC:  7    Str: 12    XL:     4   Next: 54%
Magic:  9/9        EV: 15    Int: 17    God:
Gold:   172        SH:  0    Dex: 10    Spells: 6/10 levels left

rFire   . . .      SeeInvis .   a - +0 dagger
rCold   . . .      Faith    .   (no shield)
rNeg    + . .      Spirit   .   b - +0 robe
rPois   ∞          Reflect  .   (no helmet)
rElec   +          Harm     .   n - +0 cloak
rCorr   .          Rampage  .   (no gloves)
Will    .....                   g - +0 pair of boots
Stlth   ++........              (no amulet)
HPRegen 0.08/turn               e - +4 ring of evasion
MPRegen 0.11/turn               (no ring)

@: no status effects
A: sickness immunity, AC +3, negative energy resistance 1, electricity
resistance, torment resistance 1, petrification resistance
a: no special abilities


You were on level 3 of the Dungeon.
You visited 1 branch of the dungeon, and saw 3 of its levels.

You collected 172 gold pieces.

Inventory:

Hand Weapons
 a - a +0 dagger (weapon)
Missiles
 c - 142 stones
Armour
 b - a +0 robe (worn)
 g - a +0 pair of boots (worn)
 n - a +0 cloak (worn)
Magical Staves
 j - a staff of poison
Jewellery
 e - a +4 ring of evasion (left hand)
Scrolls
 f - a scroll of identify {unknown}
 h - a scroll of vulnerability {unknown}
 l - 2 scrolls of teleportation {unknown}
 m - a scroll of enchant armour {unknown}
Potions
 d - a potion of magic {unknown}
 i - 2 potions of brilliance {unknown}
 k - a potion of curing {unknown}
 o - a potion of haste {unknown}


   Skills:
 - Level 1.5 Dodging
 - Level 2.1 Stealth
 * Level 3.7 Spellcasting
 - Level 0.7 Transmutations
 + Level 4.6 Earth Magic


You had 6 spell levels left.
You knew the following spells:

 Your Spells              Type           Power      Damage    Failure   Level
a - Sandblast             Erth           36%        2d10      2%          1
b - Stone Arrow           Conj/Erth      22%        3d8       19%         3

Your spell library contained the following spells:

 Spells                   Type           Power      Damage    Failure   Level
 Passwall                 Tmut/Erth      10%        N/A       9%          2
 Petrify                  Tmut/Erth      12%        N/A       47%         4


Dungeon Overview and Level Annotations

Branches:
Dungeon (3/15)

Altars:


Innate Abilities, Weirdness & Mutations

You are immune to sickness and miasma.
Your stone body is resilient. (AC +3)
You are immune to poison.
You resist negative energy. (rN+)
You are resistant to electric shocks. (rElec)
You are resistant to unholy torment.
You are immune to petrification.


Message History

You barely miss the ogre. The jackal closely misses you.
You hit the ogre.
The ogre is lightly wounded.
The ogre hits you with a +0 giant club!!
Ouch! That really hurt!
* * * LOW HITPOINT WARNING * * *
The jackal closely misses you.
A rat comes into view.
You are too injured to fight recklessly!
You are too injured to fight recklessly!
You are too injured to fight recklessly!
The jackal bites you.
* * * LOW HITPOINT WARNING * * *
The jackal closely misses you. The jackal closely misses you.
Casting: Sandblast (safe; 2% risk of failure)
Confirm with . or Enter, or press ? or * to list all spells.
Aiming: Sandblast (safe; 2% risk of failure)
Press: ? - help, Shift-Dir - straight line, f - jackal
Aim: a jackal (74% to hit)
The blast of sand hits the jackal.
The jackal is almost dead.
The jackal misses you. The jackal closely misses you.
Casting: Sandblast (safe; 2% risk of failure)
Confirm with . or Enter, or press ? or * to list all spells.
Aiming: Sandblast (safe; 2% risk of failure)
Press: ? - help, Shift-Dir - straight line, f/p - jackal
Aim: a jackal (almost dead, 74% to hit)
The blast of sand hits the jackal!
You kill the jackal!
Okay, then.
There is a stone staircase leading down here.
You see here an adder corpse.
The jackal bites you.
* * * LOW HITPOINT WARNING * * *
There is a stone staircase leading up here.
The jackal bites you but does no damage.
The ogre hits you with a +0 giant club.
You die...

.###.......##
#..>.........#
####.........#########
#..........##.....##
.###..................##
........÷.....>†.......#
........h..............#
...#....hO.............#
.###....@..............#
.......................#
.###...............[...#
#..................##
##.........##.....##
##.....#.#########
#.###...# #. ..### ..
..#


You could see an ogre and 2 jackals.

Vanquished Creatures
  Crazy Yiuf (D:2)
  An adder (D:3)
  A dart slug (D:2)
  3 ball pythons
  4 bats
  An endoplasm (D:1)
  2 giant cockroaches
  10 goblins
  3 hobgoblins
  4 jackals
  2 quokkas
  5 frilled lizards
  3 kobolds
  6 rats
46 creatures vanquished.

Notes
Turn   | Place    | Note
-------+----------+-------------------------------------------
     0 | D:1      | Crownlay the Gargoyle Earth Elementalist began the quest
                  | for the Orb.
     0 | D:1      | Reached XP level 1. HP: 10/10 MP: 3/3
   414 | D:1      | Reached XP level 2. HP: 14/15 MP: 5/5
   542 | D:1      | Reached skill level 4 in Earth Magic
   844 | D:1      | Reached XP level 3. HP: 19/19 MP: 7/7
  1098 | D:1      | Learned a level 3 spell: Stone Arrow
  1627 | D:2      | Found a runed translucent door.
  1628 | D:2      | Noticed Crazy Yiuf
  1766 | D:2      | Killed Crazy Yiuf
  1767 | D:2      | Reached XP level 4. HP: 19/24 MP: 3/9
  2007 | D:3      | Noticed an ogre
  2063 | D:3      | Slain by an ogre

Illustrated notes

Levels and vault maps discovered:
D:1:      dpeg_arrival_oval, layout_basic, hangedman_decor_growths,
          minmay_tall_x
D:2:      layout_rooms, uniq_crazy_yiuf_cottage
D:3:      layout_rooms

Skill      XL: |  1  2  3 |
---------------+----------+-----
Earth Magic    | 4 |  4.6
Spellcasting   | 3 |  3.7
Dodging        | |  1.5
Stealth        | |  2.1
Transmutations | |  0.7

Action                   |  1- 3 |  4- 6 || total
-------------------------+-------+-------++-------
Melee: Dagger            |   114 |     7 ||   121
 Cast: Sandblast         |    20 |     5 ||    25
 Stab: Sleeping          |     4 |       ||     4
Armor: Robe              |    31 |     1 ||    32
Dodge: Dodged            |    98 |     9 ||   107

Table legend: (Time is in decaauts)
 A = Elapsed time spent in this place.
 B = Non-inter-level travel time spent in this place.
 C = Inter-level travel time spent in this place.
 D = Time resting spent in this place.
 E = Time spent auto-exploring this place.
 F = Levels seen in this place.
 G = Mean time per level.
                   A        B        C        D        E       F      G
               +--------+--------+--------+--------+--------+-----+--------+
         Total |   2061 |   2020 |     41 |      0 |   1594 |   3 |  687.0 |
       Dungeon |   2061 |   2020 |     41 |      0 |   1594 |   3 |  687.0 |
               +--------+--------+--------+--------+--------+-----+--------+

Top non-repeatable levels by time:
     D:1: 1185 daAuts
     D:2: 664 daAuts
     D:3: 211 daAuts
